 Dungeon Crawl Stone Soup version 0.32-a0-685-g93135e86f0 (webtiles) character file.

Game seed: 10247372634886701914

38 warriortoast the Digger (level 3, 0/19 HPs)
             Began as a Gargoyle Earth Elementalist on Mar 12, 2024.
             Slain by Terence
             ... wielding a +1 mace of protection
              (5 damage)
             ... on level 1 of the Dungeon.
             The game lasted 00:02:34 (1747 turns).

warriortoast the Digger (GrEE)                      Turns: 1747, Time: 00:02:36

Health: 0/19       AC:  6    Str: 11    XL:     3   Next: 43%
Magic:  3/6        EV: 11    Int: 17    God:
Gold:   52         SH:  0    Dex: 10    Spells: 6/7 levels left

rFire   . . .        i - +2 spear (venom)
rCold   . . .        (no shield)
rNeg    + . .        a - +0 robe
rPois   ∞            (no helmet)
rElec   +            (no cloak)
rCorr   .            g - +0 pair of gloves
SInv    .            (no boots)
Will    .....        (no amulet)
Stlth   ++           (no ring)
HPRegen 0.23/turn    (no ring)
MPRegen 0.10/turn

%: no passive effects
@: no status effects
A: sickness immunity, AC +3, negative energy resistance 1, electricity
resistance, torment resistance 1, petrification resistance
a: no special abilities


You were on level 1 of the Dungeon.
You visited 1 branch of the dungeon, and saw 2 of its levels.

You collected 52 gold pieces.

Inventory:

Hand Weapons
 i - a +2 spear of venom (weapon)
Armour
 a - a +0 robe (worn)
 g - a +0 pair of gloves (worn)
Jewellery
 f - a ring of ice
Scrolls
 e - a scroll of vulnerability {unknown}
Potions
 b - a potion of magic
 c - a potion of cancellation {unknown}
 d - 2 potions of ambrosia {unknown}
 h - a potion of curing {unknown}


   Skills:
 - Level 1.5 Dodging
 - Level 2.1 Stealth
 + Level 2.5 Spellcasting
 + Level 2.2 Conjurations
 + Level 4.2 Earth Magic


You had 6 spell levels left.
You knew the following spells:

 Your Spells              Type           Power      Damage    Failure   Level
a - Sandblast             Erth           32%        2d9       3%          1

Your spell library contained the following spells:

 Spells                   Type           Power      Damage    Failure   Level
 Passwall                 Erth           16%        N/A       10%         3
 Stone Arrow              Conj/Erth      26%        3d8       14%         3
 Lesser Beckoning         Tloc           4%         N/A       28%         2
 Brom's Barrelling Bould  Conj/Erth      13%        2d4       43%         4
 Gell's Gravitas          Tloc           2%         N/A       50%         3
 Teleport Other           Tloc           2%         N/A       50%         3
 Petrify                  Alch/Erth      9%         N/A       58%         4


Dungeon Overview and Level Annotations

Branches:
Dungeon (2/15)

Altars:

Annotations:
D:1 Terence
D:2 Sigmund


Innate Abilities, Weirdness & Mutations

You are immune to sickness and miasma.
Your stone body is resilient. (AC +3)
You are immune to poison.
You resist negative energy. (rN+)
You are resistant to electric shocks. (rElec)
You are resistant to unholy torment.
You are immune to petrification.


Message History

Magic restored.
You start waiting.
Done waiting.
You climb downwards.
Level annotation: Sigmund, Terence
There is a stone staircase leading up here.
Terence shouts!
Terence barely misses you.
You climb upwards.
There is a stone staircase leading down here.
You climb downwards.
Level annotation: Sigmund, Terence Terence hits you with a +1 mace of protection.
There is a stone staircase leading up here.
Terence hits you with a +1 mace of protection.
You climb upwards.
There is a stone staircase leading down here.
Terence attacks as he pursues you! Terence hits you but does no damage.
The blast of sand hits Terence but does no damage.
Terence hits you with a +1 mace of protection.
Terence barely misses you.
You are too injured to fight recklessly!
You are too injured to fight recklessly!
Casting: Sandblast (safe; 3% risk of failure)
Confirm with . or Enter, or press ? or * to list all spells.
Aiming: Sandblast (safe; 3% risk of failure)
Press: ? - help, Shift-Dir - straight line, f/p - Terence
Aim: Terence, wielding a +1 mace of protection and wearing a +0 scale mail (84% to hit)
The blast of sand hits Terence but does no damage.
Terence hits you with a +1 mace of protection.
* * * LOW HITPOINT WARNING * * *
Casting: Sandblast (safe; 3% risk of failure)
Confirm with . or Enter, or press ? or * to list all spells.
Aiming: Sandblast (safe; 3% risk of failure)
Press: ? - help, Shift-Dir - straight line, f/p - Terence
Aim: Terence, wielding a +1 mace of protection and wearing a +0 scale mail (84% to hit)
The blast of sand hits Terence but does no damage.
Terence hits you with a +1 mace of protection.
You die...
Terence says, "Time to find some more victims."

####### #.# ### ####### #.######
##.## ##### ##
########......###>#.## #.... .#
#.....##.####.##.###.## ##.###
.###.###.##.####.#.## ##.###.÷#).
.....# #.##.#.....## ##.##.#...
.###.###......##.#.## ##.....#)..
.# #..........##@##.###.####.##÷.
## #######...###@###.#.#####...##
# ##.####.# #.........#... #
#......# #....###.###.# ##
#.###### #.##.# #.# #.# .# ##'##
#.##.###.# #.# .# ##...##
#........# #.. .## ##.....##
####.##### ### ..## ##.......##
##.#.# #..
...####.........####....#######.#


You could see Terence.

Vanquished Creatures
  2 dart slugs (D:1)
  A ribbon worm (D:2)
  2 bats (D:1)
  An endoplasm (D:1)
  A giant cockroach (D:1)
  2 hobgoblins (D:1)
  7 jackals
  3 kobolds
  2 quokkas (D:1)
  A ball python (D:1)
  A frilled lizard (D:1)
  3 goblins (D:1)
  2 rats
28 creatures vanquished.

Notes
Turn   | Place    | Note
-------+----------+-------------------------------------------
     0 | D:1      | warriortoast the Gargoyle Earth Elementalist began the
                  | quest for the Orb.
     0 | D:1      | Reached XP level 1. HP: 10/10 MP: 3/3
   211 | D:1      | Reached XP level 2. HP: 15/15 MP: 3/5
   459 | D:1      | Reached skill level 4 in Earth Magic
   774 | D:1      | Reached XP level 3. HP: 17/19 MP: 2/6
  1325 | D:2      | Noticed Sigmund
  1581 | D:2      | Noticed Terence
  1747 | D:1      | Slain by Terence

Illustrated notes

Levels and vault maps discovered:
D:1:      lemuel_arrival_tunnels, layout_loops_corners,
          kennysheep_decorative_pillar, minmay_tetromino_l4
D:2:      layout_rooms, uniq_terence, uniq_sigmund

Skill      XL: |  1  2 |
---------------+-------+-----
Earth Magic    | 4 |  4.2
Conjurations   | 2 |  2.2
Dodging        | |  1.5
Stealth        | |  2.1
Spellcasting   | |  2.5

Action                     || total
---------------------------++-------
  Melee: Unarmed           ||     1
   Cast: Sandblast         ||    44
 Armour: Robe              ||    17
  Dodge: Dodged            ||    17

Table legend: (Time is in decaauts)
 A = Elapsed time spent in this place.
 B = Non-inter-level travel time spent in this place.
 C = Inter-level travel time spent in this place.
 D = Time resting spent in this place.
 E = Time spent auto-exploring this place.
 F = Levels seen in this place.
 G = Mean time per level.
                   A        B        C        D        E       F      G
               +--------+--------+--------+--------+--------+-----+--------+
         Total |   1770 |   1695 |     75 |    275 |   1186 |   2 |  885.0 |
       Dungeon |   1770 |   1695 |     75 |    275 |   1186 |   2 |  885.0 |
               +--------+--------+--------+--------+--------+-----+--------+

Top non-repeatable levels by time:
     D:1: 1661 daAuts
     D:2: 109 daAuts
